 Dungeon Crawl Stone Soup version 0.20-a0-502-g555d78b (webtiles) character file.

21 M4edhros the Sneak (level 2, -3/18 HPs)
             Began as an Octopode Artificer on Jan 19, 2017.
             Slain by a gnoll
             ... wielding a +0 halberd
              (11 damage)
             ... on level 4 of the Dungeon.
             The game lasted 00:01:16 (578 turns).

M4edhros the Sneak (Octopode Artificer)              Turns: 578, Time: 00:01:17

Health: -3/18      AC:  1    Str: 11    XL:     2   Next: 87%
Magic:  4/4        EV: 13    Int: 13    God:
Gold:   38         SH:  0    Dex: 12    Spells: 1/1 levels left

rFire    . . .     SeeInvis .   a - +0 short sword
rCold    . . .     Gourm    .   (no shield)
rNeg     . . .     Faith    .   (helmet restricted)
rPois    .         Spirit   .   (no amulet)
rElec    .         Reflect  .   (no ring)
rCorr    .         Harm     .   (no ring)
MR       .....                  (no ring)
Stlth    +++.......             (no ring)
Regen    0.1/turn               (no ring)
                                (no ring)
                                (no ring)
                                (no ring)

@: no status effects
A: almost no armour, stealthy swim, amphibious, 8 rings, constrict 8, camouflage
1, gelatinous body 1
a: no special abilities


You were on level 4 of the Dungeon.
You were not hungry.

You visited 1 branch of the dungeon, and saw 4 of its levels.

You collected 38 gold pieces.

Inventory:

Hand Weapons
 a - a +0 short sword (weapon)
Missiles
 l - 3 steel javelins (quivered)
Wands
 b - a wand of flame (15/48)
 c - a wand of enslavement (15/24)
 d - a wand of random effects (14/48)
Scrolls
 e - a scroll of teleportation {unknown}
 i - a scroll of remove curse {unknown}
 k - a scroll of immolation {unknown}
Potions
 h - 2 potions of curing {unknown}
Comestibles
 f - 2 bread rations
 g - 2 fruits
 j - a beef jerky


   Skills:
 - Level 1.0 Fighting
 - Level 1.0 Short Blades
 - Level 2.0 Dodging
 + Level 4.0 Stealth
 - Level 3.2 Evocations


You had one spell level left.
You didn't know any spells.

Dungeon Overview and Level Annotations

Branches:
Dungeon (4/15)
 Temple: D:4-7

Altars:


Innate Abilities, Weirdness & Mutations

You cannot wear most types of armour.
You are very stealthy in the water. (Stealth+)
You are amphibious.
You can wear up to eight rings at the same time.
You can use your tentacles to constrict eight enemies at once.
Your skin changes colour to match your surroundings (Stealth+).
Your rubbery body absorbs attacks. (AC +1, EV +1)


Message History

You climb downwards.
There is a stone staircase leading up here.
You now have 38 gold pieces (gained 7).
A gnoll comes into view. It is wielding a halberd.
A gnoll is nearby!
A gnoll is nearby!
A gnoll shaman comes into view. It is wielding a whip of venom.
The gnoll shouts!
You hear a shout! x2
A gnoll comes into view. It is wielding a whip.
A gnoll comes into view. It is wielding a spear.
The gnoll shouts!
The gnoll hits you with a halberd!
Ouch! That really hurt!
You completely miss the gnoll. You grab the gnoll. You constrict the gnoll.
You hit the gnoll.
The gnoll is lightly wounded.
You constrict the gnoll, but do no damage.
The gnoll hits you with a halberd!
Ouch! That really hurt!
You die...

............#
##.#.#.#####
#.#.....# #
#..#.##
#..#.# #..#.#
#..#.# #..#.#
#..#@# ...#g#
#g# #.# #g#
..# #g# ...


You could see a gnoll shaman and 3 gnolls.

Vanquished Creatures
  A worm (D:3)
  A leopard gecko (D:1)
  A hobgoblin (D:3)
  4 jackals (D:3)
  2 bats
  3 frilled lizards (D:2)
  4 goblins
  A rat (D:2)
17 creatures vanquished.

Notes
Turn   | Place    | Note
-------+----------+-------------------------------------------
     0 | D:1      | M4edhros the Octopode Artificer began the quest for the Orb.
     0 | D:1      | Reached XP level 1. HP: 13/13 MP: 3/3
    97 | D:1      | Reached skill level 2 in Stealth
   110 | D:2      | Reached XP level 2. HP: 10/18 MP: 4/4
   113 | D:2      | Reached skill level 3 in Stealth
   458 | D:3      | Reached skill level 4 in Stealth
   578 | D:4      | Slain by a gnoll

Vault maps used:
D:1:      lightli_arrival_chessboard, minivault_19, roderic_lattice_a
D:4:      minmay_diamond_boxcup, first_bread

Skill      XL: |  1  2 |
---------------+-------+-----
Stealth        | 2 4 |  4.0
Fighting       | |  1.0
Short Blades   | |  1.0
Dodging        | |  2.0
Evocations     | |  3.2

Action                   || total
-------------------------++-------
Melee: Short sword       ||    32
       Constrict         ||     6
Evoke: Wand              ||     1
 Stab: Sleeping          ||     5
Armor: Skin              ||     1
Dodge: Dodged            ||    18
